 Dungeon Crawl Stone Soup version 0.22.1-5-g62c59d9 (webtiles) character file.

22091 JustSomeDude the Brawler (level 12, -28/111 HPs)
             Began as a Troll Monk on Jan 14, 2019.
             Was a High Priest of Dithmenos.
             Annihilated by an orc knight
             ... wielding a +0 war axe
              (29 damage)
             ... on level 13 of the Dungeon.
             The game lasted 00:22:41 (10333 turns).

JustSomeDude the Brawler (Troll Monk)              Turns: 10333, Time: 00:22:42

Health: -28/111    AC:  8    Str: 30    XL:     12   Next: 60%
Magic:  11/11      EV: 16    Int:  4    God:    Dithmenos [*****.]
Gold:   704        SH:  0    Dex: 15    Spells: 11/11 levels left

rFire    . . .     SeeInvis .     - Unarmed
rCold    . . .     Gourm    +   (no shield)
rNeg     . . .     Faith    .   D - +0 troll leather armour
rPois    .         Spirit   .   (helmet restricted)
rElec    .         Reflect  .   f - +0 cloak
rCorr    +         Harm     .   (gloves unavailable)
MR       .....                  (boots unavailable)
Stlth    +++.......             (no amulet)
HPRegen  1.08/turn              o - +2 ring of evasion
MPRegen  0.12/turn              i - ring of resist corrosion

@: confused, mighty, hasted, wreathed by umbra, very quick
A: large, unfitting armour, claws 3, thin skeletal structure 1, dopey 1, fast
metabolism 3, gourmand, regeneration 1, shaggy fur 1, tough skin 2
a: Shadow Step, Shadow Form, Renounce Religion


You were on level 13 of the Dungeon.
You worshipped Dithmenos.
Dithmenos was extremely pleased with you.
You were very full.

You visited 2 branches of the dungeon, and saw 14 of its levels.

You collected 860 gold pieces.
You spent 156 gold pieces at shops.

Inventory:

Armour
 a - a +0 robe
 f - a +0 cloak (worn)
 D - a +0 troll leather armour (worn)
Jewellery
 i - a ring of resist corrosion (right claw)
 o - a +2 ring of evasion (left claw)
 v - an uncursed ring of flight
 z - an uncursed ring of magical power {unknown}
 I - the ring "Kiyxodwu" {rN+ Stlth-, unknown}
   (You found it on level 12 of the Dungeon)

   [ring of attention]

   It protects you from negative energy.
   It makes you less stealthy.
 J - an uncursed ring of fire {unknown}
Wands
 s - a wand of random effects (25)
 A - a wand of flame (29)
 B - a wand of enslavement (12)
 C - a wand of acid (6)
 G - a wand of iceblast (11)
 H - a wand of scattershot (5)
 M - a wand of paralysis (11)
Scrolls
 c - 10 scrolls of identify
 j - 4 scrolls of enchant armour {unknown}
 l - 2 scrolls of noise {unknown}
 m - 10 scrolls of remove curse {unknown}
 n - 2 scrolls of enchant weapon {unknown}
 p - 3 scrolls of immolation {unknown}
 q - 7 scrolls of teleportation {unknown}
 r - 2 scrolls of magic mapping {unknown}
 t - 3 scrolls of fog {unknown}
 u - 3 scrolls of amnesia {unknown}
 w - 3 scrolls of fear {unknown}
 x - 3 scrolls of holy word {unknown}
 y - 3 scrolls of random uselessness {unknown}
 N - 2 scrolls of blinking {unknown}
Potions
 d - a potion of ambrosia
 e - 4 potions of lignification
 g - 4 potions of brilliance
 h - 2 potions of haste
 k - a potion of agility
 E - 3 potions of might
 F - a potion of curing
Comestibles
 b - 38 rations
 K - 15 chunks of flesh


   Skills:
 + Level 5.2 Fighting
 + Level 3.4 Armour
 + Level 7.0 Dodging
 + Level 6.2 Stealth
 + Level 15.3 Unarmed Combat
 * Level 0.3 Invocations
 + Level 0.6 Evocations


You had 11 spell levels left.
You didn't know any spells.
Your spell library contained the following spells:

 Spells                   Type           Power        Failure   Level  Hunger
 Animate Skeleton         Necr           N/A          54%         1    ##.....
 Apportation              Tloc           #.....       54%         1    ##.....
 Confusing Touch          Hex            #.....       54%         1    ##.....
 Freeze                   Ice            #...         54%         1    ##.....
 Magic Dart               Conj           #...         54%         1    ##.....
 Summon Small Mammal      Summ           #...         54%         1    ##.....
 Searing Ray              Conj           #.....       67%         2    ###....
 Throw Frost              Conj/Ice       #.....       67%         2    ###....
 Confuse                  Hex            #.......     88%         3    ####...
 Dazzling Spray           Conj/Hex       #.....       88%         3    ####...
 Gell's Gravitas          Tloc           #.........   88%         3    ####...
 Ozocubu's Armour         Chrm/Ice       #.......     88%         3    ####...
 Force Lance              Conj/Tloc      #.......     99%         4    #####..
 Fulminant Prism          Conj/Hex       #.........   99%         4    #####..
 Iskenderun's Mystic Bla  Conj           #.......     99%         4    #####..
 Petrify                  Tmut/Erth      #.......     99%         4    #####..
 Summon Ice Beast         Ice/Summ       #.......     99%         4    #####..
 Throw Icicle             Conj/Ice       #.......     99%         4    #####..
 Metabolic Englaciation   Hex/Ice        #.........   100%        5    ######.
 Yara's Violent Unravell  Hex/Tmut       #.........   100%        5    ######.


Dungeon Overview and Level Annotations

Branches:
Dungeon (13/15)            Temple (1/1) D:7            Lair (0/6) D:10
    Orc (0/2) D:10         Vaults (0/5) D:13

Altars:
Ashenzari
Cheibriados
Dithmenos
Elyvilon
Fedhas
Gozag
Hepliaklqana
Kikubaaqudgha
Makhleb
Nemelex Xobeh
Okawaru
Qazlal
Ru
Sif Muna
Trog
Uskayaw
Vehumet
Wu Jian
Xom
Yredelemnul
Zin
The Shining One

Shops:
D:9 (*[   D:10 !   D:13 [


Innate Abilities, Weirdness & Mutations

You are too large for most types of armour.
You have claws for hands.
Your metabolism is lightning-fast.
You like to eat raw meat.
Your natural rate of healing is unusually fast.
You are covered in fur. (AC +1)
You have very tough skin. (AC +2)
You have a somewhat thin skeletal structure. (Dex +2, Stealth)
You are dopey. (Int -2)


Message History

* * * LOW HITPOINT WARNING * * *
You claw the orc knight! You claw the orc knight.
The orc knight is moderately wounded.
The cyclops closely misses you.
You mangle the cyclops!!
The cyclops is severely wounded.
The orc knight closely misses you.
You bump into the rock wall.
You eviscerate the cyclops!!!
You kill the cyclops!
Dithmenos accepts your kill. The orc knight hits you with a war axe!
* * * LOW HITPOINT WARNING * * *
You closely miss the wizard.
You bump into the rock wall.
The wizard casts a spell at you. The stone arrow hits you!
* * * LOW HITPOINT WARNING * * *
The orc knight hits you with a war axe!!
You die...

#........### #.#
#.########
#####.##
##.#.#.#.#
#..##.## ##.#.#.#
#....... #.#.#H#
#.##.##. ##.#Q#
#.##.##. #)#u#.#
#.##.... ##o#.#)#
#.##.### #@#.#C#.#
#.##..##
##p#W#p#)##.#.)...
#.#.#[###.#.####
#.#.#a#...(#
#.#l##....##
#.#∩#.(...#
########.)...#
#............#
##....(.....##


You could see an orc knight, a cyan ugly thing, a tengu warrior, a manticore and
a wizard.

Vanquished Creatures
  Rupert (D:12)
  A centaur warrior (D:13)
  3 two-headed ogres
  A tengu warrior (D:13)
  6 slime creatures
  An unseen horror (D:10)
  An ugly thing (D:11)
  2 cyclopes (D:13)
  Maurice (D:12)
  2 centaur skeletons
  3 trolls
  A hornet (D:13)
  4 hippogriffs
  Grinder (D:4)
  2 wyverns
  16 yaks
  A vampire (D:13)
  3 vampire mosquitoes (D:12)
  3 black bears
  2 ice beasts
  2 sky beasts
  7 orc warriors
  A hornet zombie (D:10)
  3 phantoms
  A necrophage (D:10)
  17 ogres
  15 centaurs
  6 big kobolds
  Blork the orc (D:5)
  A wyvern zombie (D:13)
  11 bullfrogs
  3 gnoll sergeants (D:10)
  4 scorpions
  A howler monkey (D:6)
  4 crimson imps
  A centaur zombie (D:12)
  3 bullfrog zombies
  3 gnoll shamans (D:7)
  8 hounds
  3 jellies
  2 bullfrog skeletons
  12 orc priests
  2 iguanas
  Ijyb (D:5)
  8 worker ants
  14 orc wizards
  2 hound skeletons
  2 worker ant zombies
  17 gnolls
  A howler monkey skeleton (D:7)
  10 adders
  2 shadow imps
  3 oozes
  2 adder zombies
  2 worms
  4 dart slugs
  8 leopard geckos
  50 orcs
  A ball python (D:2)
  15 bats
  8 giant cockroaches
  8 goblins
  12 hobgoblins
  5 jackals
  12 kobolds
  9 quokkas
  2 frilled lizards (D:1)
  A giant cockroach zombie (D:6)
  A leopard gecko skeleton (D:4)
  A leopard gecko zombie (D:6)
  2 quokka skeletons (D:5)
  3 rats
  3 fungi (D:7)
  A plant (D:7)
376 creatures vanquished.

Vanquished Creatures (others)
  A bush (D:5)
  3 fungi (D:7)
  3 plants (D:7)
7 creatures vanquished.

Grand Total: 383 creatures vanquished

Notes
Turn   | Place    | Note
-------+----------+-------------------------------------------
     0 | D:1      | JustSomeDude the Troll Monk began the quest for the Orb.
     0 | D:1      | Reached XP level 1. HP: 22/22 MP: 0/0
    79 | D:1      | Reached XP level 2. HP: 29/29 MP: 1/1
   499 | D:1      | Reached XP level 3. HP: 35/36 MP: 2/2
   808 | D:2      | Reached skill level 4 in Unarmed Combat
   808 | D:2      | Reached XP level 4. HP: 30/44 MP: 3/3
   827 | D:2      | Noticed a phantom
   848 | D:2      | Killed a phantom
   848 | D:2      | Reached XP level 5. HP: 16/53 MP: 4/4
  1105 | D:2      | Reached skill level 5 in Unarmed Combat
  1382 | D:3      | Found a stormy altar of Qazlal.
  1463 | D:3      | Reached XP level 6. HP: 57/61 MP: 5/5
  1674 | D:4      | Noticed Grinder
  1686 | D:4      | Killed Grinder
  1686 | D:4      | Reached skill level 6 in Unarmed Combat
  1686 | D:4      | Reached XP level 7. HP: 66/67 MP: 6/6
  1786 | D:4      | Reached skill level 7 in Unarmed Combat
  2032 | D:5      | Entered Level 5 of the Dungeon
  2184 | D:5      | Noticed Blork the orc
  2190 | D:5      | Killed Blork the orc
  2526 | D:5      | Reached XP level 8. HP: 64/75 MP: 7/7
  2649 | D:5      | Reached skill level 8 in Unarmed Combat
  2743 | D:5      | Noticed Ijyb
  2746 | D:5      | Killed Ijyb
  3169 | D:6      | Reached skill level 9 in Unarmed Combat
  3377 | D:6      | Reached XP level 9. HP: 47/84 MP: 8/8
  3712 | D:6      | Found a basalt altar of Yredelemnul.
  3981 | D:7      | Reached skill level 10 in Unarmed Combat
  4298 | D:7      | Gained mutation: You are dopey. (Int -2) [potion of
                  | mutation]
  4298 | D:7      | Gained mutation: You have a somewhat thin skeletal
                  | structure. (Dex +2, Stealth) [potion of mutation]
  4306 | D:7      | Reached skill level 5 in Dodging
  4315 | D:7      | HP: 5/126 [gnoll/vampiric spear (4)]
  4584 | D:7      | Reached skill level 11 in Unarmed Combat
  5138 | D:7      | Reached XP level 10. HP: 87/93 MP: 9/9
  5167 | D:7      | Found a staircase to the Ecumenical Temple.
  5176 | Temple   | Entered the Ecumenical Temple
  5433 | Temple   | Became a worshipper of Dithmenos the Shadowed
  5433 | Temple   | Reached * piety under Dithmenos
  5433 | Temple   | Reached ** piety under Dithmenos
  6382 | D:9      | Found Ajeph's Armour Emporium.
  6467 | D:9      | Found Oxem's Assorted Antiques.
  6599 | D:9      | Reached skill level 12 in Unarmed Combat
  6635 | D:9      | Found Geseriur's Antique Weapon Shop.
  7147 | D:10     | Entered Level 10 of the Dungeon
  7334 | D:10     | Found a staircase to the Lair.
  7387 | D:10     | Noticed a two-headed ogre
  7397 | D:10     | Killed a two-headed ogre
  7501 | D:10     | Found Mewylim's Distillery.
  7520 | D:10     | Bought a potion of might for 52 gold pieces
  7520 | D:10     | Bought a potion of might for 52 gold pieces
  7520 | D:10     | Bought a potion of might for 52 gold pieces
  7657 | D:10     | Found an opulent altar of Gozag.
  7798 | D:10     | Reached *** piety under Dithmenos
  7883 | D:10     | Found a staircase to the Orcish Mines.
  7913 | D:10     | Reached skill level 13 in Unarmed Combat
  7913 | D:10     | Reached XP level 11. HP: 63/101 MP: 10/10
  7949 | D:10     | Reached skill level 1 in Armour
  8077 | D:10     | Killed an unseen horror
  8410 | D:11     | Reached **** piety under Dithmenos
  8545 | D:11     | Noticed a green ugly thing
  8552 | D:11     | Killed a green ugly thing
  8872 | D:12     | Got a shimmering glass ring
  8991 | D:12     | Reached skill level 5 in Stealth
  9092 | D:12     | Reached skill level 14 in Unarmed Combat
  9230 | D:12     | Noticed a two-headed ogre
  9235 | D:12     | Killed a two-headed ogre
  9348 | D:12     | Noticed Maurice
  9354 | D:12     | Killed Maurice
  9368 | D:12     | Noticed Rupert
  9416 | D:12     | Killed Rupert
  9416 | D:12     | Reached XP level 12. HP: 23/110 MP: 11/11
  9623 | D:13     | Found Hebum's Armour Shoppe.
  9855 | D:13     | Noticed a two-headed ogre
  9862 | D:13     | Killed a two-headed ogre
  9862 | D:13     | Reached skill level 5 in Fighting
  9943 | D:13     | Reached ***** piety under Dithmenos
 10042 | D:13     | Paralysed by a hornet for 3 turns
 10129 | D:13     | Noticed a tengu warrior
 10167 | D:13     | Killed a tengu warrior
 10167 | D:13     | Reached skill level 15 in Unarmed Combat
 10303 | D:13     | Noticed a centaur warrior
 10309 | D:13     | Noticed a vault guard
 10311 | D:13     | Killed a centaur warrior
 10312 | D:13     | Noticed a tengu warrior
 10324 | D:13     | Found a gate to the Vaults.
 10333 | D:13     | HP: 1/111 [wizard/stone arrow (24)]
 10333 | D:13     | Annihilated by an orc knight

Skill      XL: |  1  2  3  4  5  6  7  8  9 10 11 12 |
---------------+-------------------------------------+-----
Unarmed Combat | 4 5 6 7 9 11 13 14 15 | 15.3
Fighting       | 3 4 5 |  5.2
Dodging        | 3 4 5 6 7 |  7.0
Stealth        | 2 3 4 5 6 |  6.2
Armour         | 2 3 |  3.4
Invocations    | |  0.3
Evocations     | |  0.6

Action                   |  1- 3 |  4- 6 |  7- 9 | 10-12 || total
-------------------------+-------+-------+-------+-------++-------
Melee: Unarmed           |    70 |   127 |   359 |   516 ||  1072
       Punch             |       |     3 |    20 |    38 ||    61
Evoke: Wand              |       |       |     7 |       ||     7
  Use: Potion            |       |       |    11 |    12 ||    23
       Scroll            |       |       |       |     3 ||     3
 Stab: Sleeping          |     4 |     5 |     9 |    37 ||    55
       Distracted        |       |       |     1 |     1 ||     2
  Eat: Chunk             |    13 |     5 |    35 |    46 ||    99
Armor: Robe              |    26 |    47 |    80 |    23 ||   176
       Skin              |       |       |    30 |       ||    30
       Troll leather arm |       |       |       |    81 ||    81
Dodge: Dodged            |    43 |    62 |   190 |   338 ||   633
